 Dungeon Crawl Stone Soup version 0.15.2 (webtiles) character file.

1918133 magipi the Executioner (level 27, 186/186 HPs)
             Began as a Gargoyle Berserker on Jan 2, 2017.
             Was the Champion of Trog.
             Escaped with the Orb
             ... and 3 runes on Apr 4, 2017!
             The game lasted 06:15:36 (51892 turns).

magipi the Executioner (Gargoyle Berserker)        Turns: 51892, Time: 06:15:36

HP 186/186       AC 50     Str 22      XL: 27
MP  12/12        EV 26     Int 12      God: Trog [******]
Gold 3520        SH  0     Dex 22      Spells:  0 memorised, 26 levels left

rFire  + + .     SeeInvis +     a - +8 battleaxe (antimagic)
rCold  + + +     Clarity  .     C - +5 ring mail of Springtime {rF+ rC++}
rNeg   + + .     rCorr    .     (no shield)
rPois  +         rRot     +     x - +2 helmet of Ashenzari's Supremacy {+Fly Dex+1}
rElec  +         Spirit   +     h - +2 cloak
SustAb .         Warding  .     k - +2 pair of gloves
rMut   .         Stasis   .     H - +2 pair of boots "Ifem" {rC+ rN+ Slay+4}
Gourm  .                        l - amulet "Cipaduen" {Spirit Dex+3 Int+3}
MR     ++...                    i - ring of see invisible
                                f - ring of protection from fire

@: very slightly contaminated, very resistant to hostile enchantments, very
unstealthy
A: able to fly continuously, big wings, cold resistance 1, low mp 1, negative
energy resistance 1, regeneration 1, screaming 1, electricity resistance, weak
1, unbreathing, petrification resistance, rot immunity, AC +20
a: Fly, Burn Spellbooks, Berserk, Trog's Hand, Brothers in Arms, Renounce
Religion, Evoke Flight
0: Orb of Zot
}: 3/15 runes: decaying, silver, gossamer


You escaped.
You worshipped Trog.
Trog was exalted by your worship.
You were full.

You visited 9 branches of the dungeon, and saw 53 of its levels.
You also visited: Ossuary and Ice Cave.

You collected 6394 gold pieces.
You spent 2874 gold pieces at shops.

Inventory:

Hand weapons
 a - a +8 antimagic battleaxe (weapon)
 b - a +8 battleaxe of electrocution
 e - a +9 vampiric battleaxe
 G - a +1 executioner's axe of venom
Missiles
 y - 11 poisoned javelins (quivered)
 X - 21 javelins of penetration
Armour
 h - a +2 cloak (worn)
 k - a +2 pair of gloves (worn)
 x - the +2 helmet of Ashenzari's Supremacy (worn) {+Fly Dex+1}
   (You found it on level 4 of the Depths)

   It affects your dexterity (+1).
   It lets you fly.
 C - the +5 ring mail of Springtime (worn) {rF+ rC++}
   (You found it on level 5 of the Lair of Beasts)

   It protects you from fire.
   It greatly protects you from cold.
 H - the +2 pair of boots "Ifem" (worn) {rC+ rN+ Slay+4}
   (You bought it in a shop on level 4 of the Dungeon)

   It affects your accuracy and damage with ranged weapons and melee attacks
   (+4).
   It protects you from cold.
   It protects you from negative energy.
Magical devices
 d - a wand of disintegration (12)
 g - a wand of polymorph (6)
 j - a wand of digging (15)
 m - a wand of invisibility (4)
 p - a wand of paralysis (7)
 F - a wand of fireball (4)
 K - a wand of cold (5)
 M - a wand of teleportation (4)
 N - a wand of confusion (4)
 Q - a wand of digging (4)
 R - a wand of hasting (4)
 T - a wand of digging (15)
 Y - a wand of fire (2)
Comestibles
 c - 15 bread rations
 B - 14 meat rations
Scrolls
 o - 20 scrolls of teleportation
 s - 11 scrolls of identify
 v - 11 scrolls of blinking
 w - 6 scrolls of fog
 I - 4 scrolls of recharging
 L - 2 scrolls of summoning
 O - 17 scrolls of remove curse
 P - 6 scrolls of fear
Jewellery
 f - a ring of protection from fire (left hand)
 i - a ring of see invisible (right hand)
 l - the amulet "Cipaduen" (around neck) {Spirit Dex+3 Int+3}
   (You found it on level 1 of the Swamp)

   [amulet of guardian spirit]

   It causes incoming damage to be split between your health and magic.
   It affects your intelligence (+3).
   It affects your dexterity (+3).
 t - an uncursed ring of teleportation
 V - the amulet "Pangaytenn" {rCorr Str+2 Dex+3}
   (You found it on level 2 of the Spider Nest)

   [amulet of resist corrosion]

   It protects you from acid and corrosion.
   It affects your strength (+2).
   It affects your dexterity (+3).
Potions
 n - 3 potions of invisibility
 q - 10 potions of curing
 r - a potion of haste
 z - 5 potions of restore abilities
 A - 4 potions of might
 E - 2 potions of resistance
 J - 2 potions of agility
 W - 5 potions of cancellation
 Z - 2 potions of heal wounds
Miscellaneous
 U - a phial of floods


   Skills:
 + Level 22.6 Fighting
 - Level 25.0 Axes
 - Level 10.0 Throwing
 + Level 18.3 Armour
 + Level 15.7 Dodging
 - Level 16.0 Evocations


You had 26 spell levels left.
You didn't know any spells.

Dungeon Overview and Level Annotations

Branches:
Dungeon (15/15)            Temple (1/1) D:7             Orc (4/4) D:12
    Elf (0/3) Orc:3          Lair (8/8) D:8           Swamp (5/5) Lair:5
 Spider (5/5) Lair:4        Slime (0/6) Lair:6       Vaults (5/5) D:14
  Crypt (0/3) Vaults:2     Depths (5/5) D:15            Zot (5/5) Depths:5

Altars:
Ashenzari
Cheibriados
Dithmenos
Elyvilon
Fedhas
Kikubaaqudgha
Makhleb
Nemelex Xobeh
Okawaru
Qazlal
Sif Muna
Trog
Vehumet
Xom
Yredelemnul
Zin
The Shining One
Beogh

Shops:
D:4 [   D:7 }   Orc:1 ?   Orc:2 *?(   Orc:4 *:%=*   Vaults:1 [   Vaults:4 :
Depths:4 :

Portals:
Hell: Lair:8 Depths:1 Depths:2 Depths:3 Depths:4 Depths:5
Abyss: Depths:1 Depths:4 Depths:5
Pandemonium: Depths:1 Depths:3
Ziggurat: Depths:3
Trove: Vaults:4 (show slimy rune of Zot)

Annotations:
Lair:2 Harold
Vaults:4 exclusion: orange crystal statue
Abyss:1 Agnes, Arachne, Gastronok


Innate Abilities, Weirdness & Mutations

You are resistant to torment.
You are immune to poison.
You can fly continuously.
Your stone body is very resilient (AC +20).
Your wings are large and strong.
You resist negative energy.
You are resistant to electric shocks.
You can survive without breathing.
You are immune to petrification.
You are immune to rotting.
Your flesh is cold resistant.
Your magical capacity is low (-10% MP).
Your natural rate of healing is unusually fast.
You occasionally shout uncontrollably at your foes.
You are weak. (Str -2)

Vault maps used:
D:1:      matt_arrival_los_fun
D:2:      first_bread, amethyst_srp_altar
D:3:      uniq_iyjb
D:4:      lightli_ossuary_entry_decrepit_ruins, serial_shops, kennysheep_mini,
          fedhas_altar_2
D:6:      nicolae_tso_swordbearing_angel, grunt_temple_overflow_cloverleaf,
          uniq_natasha, uniq_edmund, uniq_duvessa
D:7:      minmay_temple_entry_mist, serial_shops, shop
D:8:      dpeg_oklobed_lair
D:10:     hangedman_stone_soup, uniq_sonja
D:11:     kennysheep_town
D:12:     orc_0_dummy, serial_curves, eino_curves_02, eino_curves_01,
          eino_curves_02, lemuel_flamethrower_hall
D:14:     lightli_vaults_fourway_checkpoint, dk_noncrumbling_3,
          lemuel_centaur_altar, uniq_maud
D:15:     gammafunk_depths_entry_grave, basic_altar, minmay_st_funbox
Temple:   eino_temple_water_12
Orc:1:    serial_shops, shop_scrolls
Orc:2:    serial_shops, shop, shop, nicolae_shop_overgrown_old_shop, basic_altar
Orc:3:    nicolae_orc_pool_cavern
Orc:4:    serial_shops, nicolae_shop_waterfront, st_orc_mages
Lair:1:   nicolae_volcano_entry_s_turn, grunt_megastairs_4,
          infiniplex_staircase_pool_2, uniq_gastronok, uniq_prince_ribbit2
Lair:2:   lemuel_fruit_tree, uniq_harold
Lair:4:   spider_nest_entry_rubble
Lair:5:   swamp_mist_pool, infiniplex_staircase_pool
Lair:6:   nicolae_slime_entry_slimehenge, kennysheep_catoblepas_arena,
          lemuel_fruit_fields, uniq_nergalle, uniq_erica
Lair:7:   nicolae_quartered_pool_little, st_stairs_8, wad_woods_river_01
Lair:8:   evil_forest, grunt_forest_small_clearing_treed, serial_bayou_shore_b,
          serial_bayou_shore_b
Swamp:1:  nicolae_swamp_round_clearing, swamp_pool1
Swamp:2:  serial_swamp_ruin, evilmike_swamp_ruin_rubble_1,
          evilmike_swamp_ruin_house_1
Swamp:3:  evilmike_swamp_ruin_house_5
Swamp:4:  portal_ice_cave_entry_pillars_03, evilmike_swamp_ruin_house_4,
          swamp_pool1, st_swamp_ruins_4
Swamp:5:  swamp_old_school, swamp_pool1
Spider:2: lemuel_spider_zombies, spider_trap, uniq_nikola, uniq_wiglaf,
          uniq_agnes
Spider:4: nicolae_orb_stairs, uniq_arachne
Spider:5: grunt_spider_rune_parallel
Vaults:1: vaults_room_grid, nicolae_vaults_alarming, v_misc_8,
          grunt_vaults_swirl, v_misc_15, hangedman_vaults_corner,
          nicolae_vaults_little_squares_3, v_misc_5,
          hangedman_vaults_restitches, nicolae_vaults_little_squares_4,
          ontoclasm_vaults_chip, vaults_room_semicircle,
          nicolae_vaults_asterisk, vaults_room_stairs_pillars,
          vaults_room_semicircle, vaults_room_hallway, serial_shops, shop
Vaults:2: ontoclasm_vaults_tryst, nicolae_vaults_fighting_squares,
          minmay_crypt_entry_necro_gods, v_misc_28, v_misc_16,
          ontoclasm_vaults_chip, vaults_room_pools, serial_ice_h,
          vaults_room_door_ring, nicolae_vaults_three_branches,
          nicolae_vaults_little_squares_3
Vaults:3: vaults_dpeg_hooks, nicolae_vaults_little_squares_3,
          ontoclasm_vaults_chip, v_misc_22, hangedman_vaults_stream, v_misc_15,
          v_misc_12, hangedman_vaults_stagger, ontoclasm_vaults_idyll,
          vaults_dpeg_ring, vaults_mumra_chevron,
          vaults_room_hangedman_quadrants, nicolae_vaults_little_squares_5,
          nicolae_vaults_little_squares_3, uniq_asterion
Vaults:4: ontoclasm_vaults_bender, grunt_vaults_hallway_long,
          nicolae_vaults_statue_guard, v_misc_3, nicolae_vaults_border_crossing,
          v_misc_12, v_misc_16, ontoclasm_vaults_gateway,
          vaults_standard_mumra_enter_the_diamond, vaults_room_semicircle,
          vaults_mumra_lcd, enter_trove_1, serial_shops, shop
Vaults:5: uniq_jorgrun
Depths:1: abyss_entry_crystal, grunt_pan_entry_zigzag,
          hangedman_abyss_or_decor_stabs, grunt_hell_entry_dis_mu,
          okawaru_ov_weapons_minmay, firewood_loft, serial_bayou_shore_b
Depths:2: minmay_fractal_lines_corner, hangedman_abyss_or_decor_passed,
          hell_entry, kennysheep_generic_room_3, infiniplex_staircase_pillars_1
Depths:3: grunt_twist_and_shout, enter_ziggurat_c, lightli_too_deep, pan_entry,
          st_stairs_8, minmay_misc_feat_roman, uniq_aizul, uniq_frederick
Depths:4: lemuel_flame_loot_2, hell_entry, abyss_entry, serial_shops, shop,
          nemelex_deck
Depths:5: grunt_crosshair, abyss_entry, serial_sigils_hangedman_confine,
          hell_entry, kennysheep_random_hallway, serial_bayou_shore_b,
          serial_bayou_shore_b, uniq_saint_roka
Zot:1:    hangedman_zot_spectrum
Zot:2:    grunt_zot_stairs_faceoff, grunt_ministairs_11, lemuel_flame_loot_1
Zot:3:    grunt_ministairs_5
Zot:4:    hangedman_zot_vaults_quadrants
Zot:5:    grunt_ministairs_11
Ossuary:  ossuary_minmay_tomb_2a
IceCv:    ice_cave_tombish


Message History

You are confused.
An orange demon comes into view.
Unknown command.
Drink which item? (? for menu, Esc to quit)
You feel better.
Pnoluvex gestures.
The neqoxec completely misses you.
Unknown command.
Use which ability? (? or * to list)
Your skin crawls.
You feel resistant to hostile enchantments.
You feel slightly more hungry. The orange demon barely misses you.
The neqoxec completely misses you.
Unknown command.
Drink which item? (? for menu, Esc to quit)
Okay, then.
Unknown command.
Evoke which item? (* to show all) (? for menu, Esc to quit)
Zapping:
R - a wand of hasting (5)
Press: ? - help, Shift-Dir - straight line, f - you You feel yourself speed up.
This wand has 4 charges left.
The neqoxec hits you but does no damage.
An iron imp comes into view.
The ynoxinul gestures.
The Ice Fiend calls on the powers of darkness!
Your body is wracked with pain!
Pnoluvex gestures at you. The puff of frost hits you! You resist.
There is an escape hatch in the ceiling here.
A mysterious force pulls you upwards. The hatch slams shut behind you.
You sense a powerful magical force warping space.
(D) Dungeon (T) Temple (O) Orcish Mines (E) Elven Halls (L) Lair (S) Swamp (N) Spider Nest (M) Slime Pits (V) Vaults (C) Crypt (U) Depths (H) Hell (Z) Zot
Where to? (Enter - D:1, ? - help)
There is an open door here.
You are feeling hungry.
Unknown command.
There is an open door here.
There is a stone staircase leading up here.
Eat which item? (? for menu, Esc to quit)
You continue eating. x3
You finish eating.
That meat ration really hit the spot!
(D) Dungeon (T) Temple (O) Orcish Mines (E) Elven Halls (L) Lair (S) Swamp (N) Spider Nest (M) Slime Pits (V) Vaults (C) Crypt (U) Depths (H) Hell (Z) Zot
Where to? (Enter - D:1, ? - help)
You climb upwards.
You sense a powerful magical force warping space.
There is a stone staircase leading down here.
HP restored.
A green death comes into view.
The green death roars!
You slash the green death!
The green death's magic leaks into the air.
The green death is lightly wounded.
The green death completely misses you.
You slash the green death!
The green death's magic leaks into the air.
The green death is moderately wounded.
The green death falters for a moment.
There is a stone staircase leading up here.
You climb upwards.
You sense a powerful magical force warping space.
There is a stone staircase leading down here.
(D) Dungeon (T) Temple (O) Orcish Mines (E) Elven Halls (L) Lair (S) Swamp (N) Spider Nest (M) Slime Pits (V) Vaults (C) Crypt (U) Depths (H) Hell (Z) Zot
Where to? (Enter - D:1, ? - help)
Okay, then.
Unknown command.
You see here a club.
Your extra speed is starting to run out.
You feel the effects of Trog's Hand fading.
Evoke which item? (* to show all) (? for menu, Esc to quit)
Zapping:
d - a wand of disintegration (13)
Press: ? - help, Shift-Dir - straight line You hear a grinding noise.
This wand has 12 charges left.
You feel yourself slow down.
There is a stone staircase leading up here.
You climb upwards.
You sense a powerful magical force warping space.
Your skin stops crawling.
You feel less resistant to hostile enchantments.
There is a stone staircase leading down here.
A smoke demon comes into view.
You shout at the smoke demon!
The smoke demon moves out of view.
Evoke which item? (* to show all) (? for menu, Esc to quit)
Zapping:
j - a wand of digging (16)
Press: ? - help, Shift-Dir - straight line The rock shatters into small pieces.
This wand has 15 charges left.
The smoke demon gestures at you. The ball of steam misses you.
There is a staircase leading out of the dungeon here.
You have escaped!

# #.# #.......[.....# #..#.#
# #.# #.###########.# #....#
# #.# #..#.......#..# ##.#.#
# #.# #.#.#######.#.#
####.#.# # #.#
#.##.......##.# #....... #
#.# #.#.###'###.#.# #.#####.
###.#### #.#)#.....#.#.# #.#
#.
.......###.#.#.....#.#.###.#
#.
.#####.'.+.#.+..@..+.#.'.'.#
#. .#
#####.#.#.....#.#.###.#####.
## .#.......#.#.##....)... #
# #..##+###.#.##.###.#..
###.# ##....(..##.##. #....
...# #..######.#.##. #....
..##
#..#.......#..#..####...
##.# .
#.##.########.####..>... #
#.##...3.........#.......##


There were no monsters in sight!

Table legend:
 A = Kills in this place as a percentage of kills in entire the game.
 B = Kills by you in this place as a percentage of kills by you in the entire game.
 C = Kills by friends in this place as a percentage of kills by friends in the entire game.
 D = Other kills in this place as a percentage of other kills in the entire game.
 E = Experience gained in this place as a percentage of experience gained in the entire game.
 F = Experience gained in this place divided by the number of levels of this place that you have seen.
                   A       B       C       D       E      F
               +-------+-------+-------+-------+-------+----------------------
         Total | 100.0 | 100.0 | 100.0 | 100.0 | 100.0 | 23106.6
       Dungeon |  19.4 |  18.9 |  11.1 |  33.7 |   5.7 | 4849.6
  Orcish Mines |  11.0 |  11.1 |   0.0 |  10.6 |   0.8 | 2651.2
          Lair |  10.6 |  10.2 |  44.4 |  14.4 |   3.7 | 5894.8
         Swamp |   6.4 |   6.1 |  11.1 |  11.5 |   4.8 | 12323.2
   Spider Nest |  12.0 |  11.6 |  11.1 |  20.2 |   8.8 | 22493.6
        Vaults |  20.8 |  21.7 |  22.2 |   1.0 |  27.1 | 68939.6
        Depths |  11.1 |  11.7 |   0.0 |   0.0 |  20.2 | 51298.8
           Zot |   7.6 |   7.9 |   0.0 |   3.8 |  28.2 | 71598.6
       Ossuary |   0.5 |   0.5 |   0.0 |   1.9 |   0.0 | 127.0
      Ice Cave |   0.4 |   0.3 |   0.0 |   2.9 |   0.5 | 6959.0
               +-------+-------+-------+-------+-------+----------------------

Vanquished Creatures
  2 orbs of fire (Zot:5)
  2 ancient liches
  Saint Roka (Depths:5)
  A curse toe (Zot:4)
  the Lernaean hydra (Swamp:5)
  6 Killer Klowns
  6 golden dragons
  Frederick (Depths:3)
  6 electric golems
  3 bone dragons
  Nikola (Spider:2)
  9 tentacled monstrosities
  5 liches
  Asterion (Vaults:3)
  A hellephant (Depths:5)
  23 Orb Guardians
  4 titans
  6 sphinxes
  5 tengu reavers
  8 storm dragons
  7 shadow dragons
  A spectral weapon (Vaults:3)
  A draconian monk (Zot:5)
  13 frost giants
  A balrug (Depths:3)
  3 draconian scorchers
  Maud (D:14)
  2 deep elf sorcerers
  4 iron dragons
  10 fire giants
  Aizul (Depths:3)
  8 draconian knights
  27 vault wardens
  7 ghost moths
  7 emperor scorpions
  3 draconian zealots (Zot:5)
  The ghost of magipi the Severer, a mighty VSBe of Trog (Spider:2)
  2 war gargoyles
  20 stone giants
  5 draconian shifters
  2 draconian annihilators (Zot:1)
  2 deep elf demonologists
  A reaper (Depths:1)
  13 ogre magi
  4 grey draconians
  24 very ugly things
  7 red draconians
  4 green draconians
  A vampire knight (Depths:5)
  2 salamander firebrands
  3 dire elephants
  2 pale draconians
  8 purple draconians
  5 white draconians
  8 mottled draconians
  8 black draconians
  2 blizzard demons (IceCv)
  14 yellow draconians
  A merfolk javelineer (Depths:5)
  A deep elf annihilator (Vaults:5)
  A deep elf death mage (Vaults:5)
  14 ironheart preservers
  41 vault guards
  20 ettins
  2 jiangshi (Depths:4)
  A quicksilver dragon zombie (Vaults:5)
  15 fire dragons
  A deep elf high priest (Vaults:5)
  A minotaur (Depths:5)
  12 yaktaur captains
  7 centaur warriors
  8 great orbs of eyes
  13 ice dragons
  A quicksilver dragon skeleton (Vaults:5)
  3 death cobs
  5 spriggan air magi
  18 hydras
  A shambling mangrove (Swamp:4)
  4 deep troll earth magi
  Erica (Lair:6)
  4 rakshasas
  2 vampire magi
  5 alligators
  9 death yaks (Depths:4)
  4 tengu warriors
  2 deep troll shamans
  3 sun demons
  2 spriggan berserkers
  3 orc high priests (Orc:4)
  8 hell knights (Depths:3)
  Nergalle (Lair:6)
  3 deep elf knights
  3 catoblepae
  4 unseen horrors
  A skeletal warrior (D:15)
  11 deep trolls
  A salamander mystic (Depths:4)
  5 giant orange brains
  An iron troll (Depths:2)
  2 fire crabs
  25 orb spiders
  A fire crab (shapeshifter) (Vaults:1)
  A gelid demonspawn (Depths:1)
  2 ice devils (IceCv)
  18 swamp dragons
  A deep elf summoner (Vaults:5)
  7 hill giants
  2 ice statues (IceCv)
  A spriggan druid (Swamp:2)
  20 ironbrand convokers
  7 orc knights
  A swamp dragon (shapeshifter) (Vaults:5)
  6 wolf spider zombies (Spider:2)
  3 flayed ghosts
  A wizard (Vaults:1)
  3 phantasmal warriors
  60 ugly things
  8 necromancers
  3 deep elf conjurers
  A harpy (shapeshifter) (Depths:2)
  A mana viper (shapeshifter) (Depths:3)
  A human zombie (Vaults:3)
  7 harpies
  33 wolf spiders
  A stone giant zombie (D:15)
  2 draconian zombies (Zot:5)
  A fire giant zombie (Vaults:5)
  3 griffons
  A draconian (shapeshifter) (Vaults:5)
  8 red wasps
  4 black mambas
  2 black mambas (shapeshifter)
  8 moths of wrath
  An orc sorcerer (Orc:4)
  19 vault sentinels
  2 elephants (Lair:7)
  2 cyclopes
  2 sixfirhies (Depths:1)
  A manticore (shapeshifter) (D:14)
  3 salamanders (Depths:4)
  A stone giant skeleton (D:15)
  A manticore (Depths:3)
  2 smoke demons
  8 torpor snails
  A torpor snail (shapeshifter) (Vaults:1)
  A gargoyle (D:14)
  A guardian serpent (shapeshifter) (Vaults:2)
  7 orange demons
  A titan simulacrum (Vaults:5)
  An efreet (D:15)
  3 kobold demonologists (Vaults:3)
  A yaktaur zombie (D:15)
  4 fire drakes
  19 spiny frogs
  A white draconian zombie (Zot:5)
  23 jumping spiders
  2 komodo dragons
  2 iron devils
  A red devil (Orc:4)
  46 yaktaurs
  A hellwing (Orc:4)
  10 freezing wraiths
  14 demonic crawlers
  6 trolls
  An elf skeleton (Vaults:5)
  A tengu conjurer (D:13)
  A merfolk (D:11)
  A troll (shapeshifter) (Vaults:5)
  16 blink frogs
  Sonja (D:10)
  2 polar bears (Lair:8)
  Prince Ribbit (Lair:1)
  3 blue devils
  6 giant leeches
  23 two-headed ogres
  3 deep elf priests
  A slime creature (shapeshifter) (Vaults:5)
  6 bog bodies
  8 boulder beetles
  A raiju (shapeshifter) (Depths:4)
  A fire giant simulacrum (Vaults:3)
  2 spriggans
  9 deep elf magi
  11 ravens
  7 tarantella zombies (Spider:2)
  49 redbacks
  56 slime creatures
  7 air elementals
  2 basilisks
  2 wraiths (Vaults:1)
  An ettin skeleton (D:15)
  2 shadows
  21 trapdoor spiders
  32 yaks
  A ynoxinul (Orc:4)
  2 wyverns
  A vampire (Depths:2)
  A hungry ghost (D:7)
  6 water elementals
  48 vampire mosquitoes
  24 tarantellas
  2 neqoxecs
  8 hippogriffs
  A hill giant skeleton (D:8)
  15 deep elf fighters
  19 swamp worms
  Edmund (D:6)
  A soldier ant (shapeshifter) (Depths:5)
  3 wargs
  The ghost of dscm the Digger, an average OpEE (D:5)
  7 porcupines
  9 wolves
  25 orc warriors
  2 mottled dragons
  A soldier ant (D:14)
  23 water moccasins
  2 sky beasts
  11 swamp drakes
  A human skeleton (D:15)
  2 phantoms
  A spider (shapeshifter) (Depths:4)
  5 ice beasts
  A swamp drake (shapeshifter) (Vaults:5)
  33 spiders
  A necrophage (D:10)
  8 black bears
  4 yellow wasps
  19 centaurs
  59 ogres
  4 boring beetles
  Duvessa (D:6)
  5 big kobolds
  15 crocodiles
  21 giant frogs
  3 gnoll sergeants (D:11)
  2 brain worms (D:14)
  9 spider zombies (Spider:2)
  A wyvern skeleton (D:9)
  7 insubstantial wisps (Swamp:5)
  A cyclops skeleton (D:11)
  8 killer bees
  An eye of draining (D:14)
  An eye of draining (shapeshifter) (Vaults:5)
  An elf zombie (Vaults:3)
  11 scorpions
  12 electric eels
  2 orc simulacra (Vaults:1)
  Dowan (D:6)
  3 crimson imps
  2 giant frog zombies
  A goliath beetle (D:11)
  A quasit (D:13)
  5 iron imps (Depths:1)
  2 centaur skeletons
  4 jellies (Lair:6)
  11 hounds
  2 centaur zombies
  9 iguanas
  3 gnoll shamans
  47 orc priests
  A two-headed ogre skeleton (D:10)
  Natasha (D:6)
  42 orc wizards
  12 worker ants
  An orange rat (Vaults:5)
  A brain worm zombie (D:12)
  33 sheep
  Ijyb (D:3)
  2 big kobold zombies (Ossuary)
  A mottled dragon skeleton (D:15)
  A hound zombie (Ossuary)
  2 mummies (Ossuary)
  19 adders
  6 gnolls
  30 green rats
  A giant mite (D:4)
  A white imp (Vaults:3)
  4 worms
  2 shadow imps
  2 ufetubi
  An iguana skeleton (D:5)
  2 iguana zombies
  An adder zombie (Ossuary)
  3 giant geckos
  2 oozes (Lair:6)
  204 orcs
  9 bats
  2 giant cockroaches
  2 gnoll zombies (Ossuary)
  21 goblins
  16 hobgoblins
  18 jackals
  24 kobolds
  13 quokkas
  5 giant newts
  4 giant spores
  A hobgoblin zombie (Ossuary)
  2 kobold zombies
  An orc zombie (D:7)
  4 rats
  A rat zombie (Ossuary)
  2 spectral orcs (Lair:6)
  14 ballistomycetes
  9 fungi
  7 plants (D:11)
2353 creatures vanquished.

Vanquished Creatures (collateral kills)
  A tengu reaver (Vaults:5)
  Wiglaf (Spider:2)
  Jorgrun (Vaults:5)
  A yaktaur captain (Vaults:5)
  2 hydras
  2 ugly things (D:15)
  A sixfirhy (Lair:8)
  A smoke demon (Lair:8)
  A blue devil (Lair:8)
  A yaktaur (Vaults:5)
  2 red devils (Lair:8)
  A slime creature (Swamp:5)
  A spider (Spider:1)
  An adder (Lair:6)
  A green rat (Lair:6)
18 creatures vanquished.

Vanquished Creatures (others)
  2 emperor scorpions
  A draconian zealot (Zot:3)
  3 stone giants
  A green draconian (Zot:1)
  2 red draconians (Zot:1)
  2 vault guards (D:14)
  A centaur warrior (D:15)
  2 hydras
  A catoblepas (Lair:6)
  A spriggan rider (Swamp:2)
  A skeletal warrior (D:15)
  2 ice statues (IceCv)
  A lindwurm (Lair:3)
  A deep elf conjurer (Vaults:1)
  3 wolf spider zombies (Spider:2)
  A cyclops (Orc:4)
  7 ugly things
  3 elephants
  A gargoyle (D:12)
  3 water elementals
  2 spiny frogs
  A demonic crawler (Spider:3)
  A tengu conjurer (D:13)
  A blue devil (IceCv)
  A wandering mushroom (D:8)
  7 slime creatures
  A basilisk (Lair:5)
  A tarantella zombie (Spider:2)
  2 ravens (Swamp:3)
  3 jumping spiders
  A vampire (D:14)
  A griffon skeleton (D:14)
  2 redbacks (Spider:3)
  A deep elf mage (D:10)
  7 yaks
  A hog (D:11)
  2 hippogriffs
  A water moccasin (D:12)
  An ice beast (D:11)
  2 orc warriors
  5 spiders
  2 ogres
  A centaur (D:11)
  A big kobold (D:14)
  2 giant frogs
  A cyclops zombie (D:14)
  2 spider zombies (Spider:2)
  5 killer bees (D:12)
  4 orc priests
  An iguana (Lair:4)
  An orc wizard (Orc:1)
  A mummy (Ossuary)
  2 orcs
  5 kobolds
  A quokka (D:7)
  A giant spore (D:7)
  A goblin zombie (Ossuary)
  2 rat zombies (Ossuary)
  A ballistomycete (D:14)
  8 fungi
  11 plants
136 creatures vanquished.

Grand Total: 2507 creatures vanquished

Notes
Turn   | Place    | Note
--------------------------------------------------------------
     0 | D:1      | magipi, the Gargoyle Berserker, began the quest for the Orb.
     0 | D:1      | Reached XP level 1. HP: 14/14 MP: 1/1
   247 | D:1      | Reached XP level 2. HP: 12/19 MP: 2/2
   760 | D:1      | Reached XP level 3. HP: 23/23 MP: 3/3
   870 | D:2      | Acquired Trog's second power
   986 | D:2      | Reached skill level 4 in Axes
  1007 | D:2      | Found a snail-covered altar of Cheibriados.
  1571 | D:3      | Reached XP level 4. HP: 28/28 MP: 4/4
  1786 | D:3      | Noticed Ijyb
  1792 | D:3      | Killed Ijyb
  1814 | D:3      | Reached skill level 5 in Axes
  1969 | D:3      | Reached XP level 5. HP: 32/32 MP: 5/5
  2045 | D:4      | Found a sand-covered staircase.
  2056 | D:4      | Got a jewelled chain mail
  2070 | D:4      | Identified the +11 chain mail of Wrong Decisions {Str+1 Int+5} (You found it on level 4 of the Dungeon)
  2073 | Ossuary  | Entered an ossuary
  2210 | Ossuary  | Reached XP level 6. HP: 26/37 MP: 6/6
  2338 | D:4      | Reached skill level 6 in Axes
  2505 | D:4      | Found a blossoming altar of Fedhas.
  2641 | D:4      | Found Streanut's Antique Armour Shop.
  2644 | D:4      | Bought a pair of brightly glowing boots for 209 gold pieces
  2652 | D:4      | Identified the +2 pair of boots "Ifem" {rC+ rN+ Slay+4} (You bought it in a shop on level 4 of the Dungeon)
  2837 | D:5      | Entered Level 5 of the Dungeon
  2848 | D:5      | Noticed dscm's ghost (average OpEE)
  2858 | D:5      | Killed dscm's ghost
  2858 | D:5      | Reached skill level 7 in Axes
  2858 | D:5      | Reached XP level 7. HP: 41/41 MP: 7/7
  3589 | D:6      | Reached skill level 8 in Axes
  3786 | D:6      | Acquired Trog's third power
  3939 | D:6      | Found a shattered altar of Ashenzari.
  3944 | D:6      | Found a snail-covered altar of Cheibriados.
  3949 | D:6      | Found a glowing silver altar of Zin.
  3954 | D:6      | Found a bloodstained altar of Trog.
  4041 | D:6      | Noticed Natasha
  4047 | D:6      | Killed Natasha
  4047 | D:6      | Reached XP level 8. HP: 46/46 MP: 8/8
  4064 | D:6      | Noticed Edmund
  4075 | D:6      | Killed Edmund
  4114 | D:6      | Reached skill level 9 in Axes
  4120 | D:6      | Found a glowing golden altar of the Shining One.
  4180 | D:6      | Noticed Duvessa
  4182 | D:6      | Noticed Dowan
  4189 | D:6      | Killed Duvessa
  4205 | D:6      | Killed Dowan
  4500 | D:7      | Reached skill level 10 in Axes
  4591 | D:7      | Found Psatwoh's Gadget Shop.
  4906 | D:7      | Found a staircase to the Ecumenical Temple.
  4914 | Temple   | Entered the Ecumenical Temple
  5040 | D:8      | Reached XP level 9. HP: 49/51 MP: 9/9
  5092 | D:8      | Reached skill level 5 in Armour
  5422 | D:8      | Noticed a wandering mushroom
  5423 | D:8      | Found a staircase to the Lair.
  5434 | D:8      | Banished a wandering mushroom
  5890 | D:9      | Reached XP level 10. HP: 52/56 MP: 10/10
  5925 | D:9      | Reached skill level 10 in Armour
  6092 | D:9      | Got a flickering copper ring
  6103 | D:9      | Identified the ring "Qayho" {Wiz MR++} (You found it on level 9 of the Dungeon)
  6160 | D:9      | Received a gift from Trog
  6160 | D:9      | Reached skill level 11 in Armour
  6262 | D:10     | Entered Level 10 of the Dungeon
  6411 | D:10     | Noticed Sonja
  6453 | D:10     | Killed Sonja
  6627 | D:10     | Reached skill level 12 in Armour
  6963 | D:10     | Reached skill level 13 in Armour
  6968 | D:10     | Reached XP level 11. HP: 60/60 MP: 11/11
  7094 | D:11     | Reached skill level 14 in Armour
  7554 | D:11     | Killed an unseen horror
  7707 | D:11     | Received a gift from Trog
  7756 | D:11     | Noticed a hill giant
  7771 | D:11     | Killed a hill giant
  7828 | D:11     | Reached skill level 15 in Armour
  8221 | D:11     | Got a flickering steel ring
  8239 | D:11     | Identified the ring "Seaveur" {AC+1 Str-3 Dex+1} (You found it on level 11 of the Dungeon)
  8580 | D:11     | Found an ancient bone altar of Kikubaaqudgha.
  8909 | D:12     | Reached XP level 12. HP: 67/67 MP: 12/12
  8910 | D:12     | Noticed a hill giant
  8914 | D:12     | Killed a hill giant
  9106 | D:12     | Noticed a hill giant
  9111 | D:12     | Killed a hill giant
  9111 | D:12     | Reached skill level 5 in Fighting
  9227 | D:12     | Found a staircase to the Orcish Mines.
  9396 | D:12     | Received a gift from Trog
  9865 | D:7      | Bought a wand of disintegration (8) for 168 gold pieces
  9865 | D:7      | Bought a wand of digging (8) for 336 gold pieces
 10053 | Orc:1    | Entered Level 1 of the Orcish Mines
 10080 | Orc:1    | Found Traov's Magic Scroll Shoppe.
 10095 | Orc:1    | Received a gift from Trog
 10569 | Orc:1    | Bought a scroll of identify for 30 gold pieces
 10569 | Orc:1    | Bought a scroll of identify for 30 gold pieces
 10569 | Orc:1    | Bought a scroll of random uselessness for 15 gold pieces
 10903 | Orc:2    | Received a gift from Trog
 10936 | Orc:2    | Found Alicloawk's Magic Scroll Emporium.
 10938 | Orc:2    | Found Pnarr's Antique Weapon Boutique.
 10975 | Orc:2    | Found Voatyuc's Assorted Antiques.
 11105 | Orc:2    | Found a roughly hewn altar of Beogh.
 11218 | Orc:2    | Bought a cyan potion {tried by monster} for 27 gold pieces
 11218 | Orc:2    | Bought a silver ring for 155 gold pieces
 11381 | Orc:3    | Noticed a stone giant
 11391 | Orc:3    | Banished a stone giant
 11391 | Orc:3    | Reached skill level 5 in Dodging
 11471 | Orc:3    | Found a staircase to the Elven Halls.
 11817 | Orc:4    | Entered Level 4 of the Orcish Mines
 11817 | Orc:4    | Found Lasuce's Assorted Antiques.
 11822 | Orc:4    | Bought a scroll labeled DEXKOXT TOTOJ for 27 gold pieces
 11961 | Orc:4    | Received a gift from Trog
 12670 | Orc:4    | Noticed an orc high priest
 12686 | Orc:4    | Noticed an orc high priest
 12694 | Orc:4    | Killed an orc high priest
 12820 | Orc:4    | Received a gift from Trog
 12932 | Orc:4    | Reached XP level 13. HP: 78/78 MP: 13/13
 12953 | Orc:4    | Noticed an orc high priest
 12964 | Orc:4    | Noticed an orc high priest
 12989 | Orc:4    | Killed an orc high priest
 12990 | Orc:4    | Killed an orc high priest
 13026 | Orc:4    | Found Ret Eluw's Food Shoppe.
 13026 | Orc:4    | Found Lacuiggo's Assorted Antiques.
 13026 | Orc:4    | Found Lestaxibb's Book Emporium.
 13033 | Orc:4    | Found Xec Wigo's Jewellery Shoppe.
 13040 | Orc:4    | Bought a cursed amulet of inaccuracy for 28 gold pieces
 13040 | Orc:4    | Bought a cursed ring of teleportation for 203 gold pieces
 13040 | Orc:4    | Bought a cursed -6 ring of strength for 28 gold pieces
 13076 | Orc:4    | Bought a runed cloak for 175 gold pieces
 13076 | Orc:4    | Bought a square copper amulet for 195 gold pieces
 13225 | Orc:1    | Bought a scroll of remove curse for 45 gold pieces
 13225 | Orc:1    | Bought a scroll of remove curse for 45 gold pieces
 13300 | Orc:2    | Bought a scroll of identify for 24 gold pieces
 13300 | Orc:2    | Bought a scroll of identify for 24 gold pieces
 13300 | Orc:2    | Bought a scroll of identify for 24 gold pieces
 13614 | D:13     | Reached skill level 1 in Evocations
 13616 | D:13     | Received a gift from Trog
 14074 | D:14     | Noticed Maud
 14176 | D:14     | Noticed a vault guard
 14177 | D:14     | Noticed a vault guard
 14204 | D:14     | Killed a vault guard
 14441 | D:14     | Killed Maud
 14442 | D:14     | Banished a vault guard
 14470 | D:14     | Found a glowing golden altar of the Shining One.
 14506 | D:14     | Noticed a vault guard
 14521 | D:14     | Noticed a vault guard
 14546 | D:14     | Banished a vault guard
 14547 | D:14     | Killed a vault guard
 14678 | D:14     | Found a gate to the Vaults.
 14865 | D:15     | Entered Level 15 of the Dungeon
 14881 | D:15     | Killed an unseen horror
 14894 | D:15     | Noticed a frost giant
 14950 | D:15     | Killed a frost giant
 15087 | D:15     | Gained mutation: Your wings are large and strong. [gargoyle growth]
 15087 | D:15     | Reached XP level 14. HP: 87/87 MP: 21/21
 15120 | D:15     | Reached skill level 10 in Fighting
 15440 | D:15     | Reached skill level 5 in Evocations
 15797 | D:15     | Found a deep blue altar of Sif Muna.
 16410 | D:15     | Found a staircase to the Depths.
 16535 | D:15     | Received a gift from Trog
 16828 | Lair:1   | Entered Level 1 of the Lair of Beasts
 16850 | Lair:1   | Noticed Prince Ribbit
 16946 | Lair:1   | Noticed Gastronok
 17069 | Lair:1   | Killed Prince Ribbit
 17651 | Lair:2   | Noticed Harold
 18564 | Lair:3   | Received a gift from Trog
 18702 | Lair:3   | Reached XP level 15. HP: 88/93 MP: 26/26
 19353 | Lair:4   | Found a hole to the Spider Nest.
 19526 | Lair:5   | Got a heavily runed ring mail
 19527 | Lair:5   | Identified the +5 ring mail of Springtime {rF+ rC++} (You found it on level 5 of the Lair of Beasts)
 19982 | Lair:5   | Gained mutation: Your flesh is cold resistant. [potion of beneficial mutation]
 19995 | Lair:5   | Found a staircase to the Swamp.
 20041 | Lair:6   | Found a staircase to the Slime Pits.
 20050 | Lair:6   | Received a gift from Trog
 20129 | Lair:6   | Noticed Erica
 20262 | Lair:6   | Killed Erica
 20262 | Lair:6   | Reached skill level 1 in Throwing
 20358 | Lair:6   | Noticed Nergalle
 20384 | Lair:6   | Killed Nergalle
 21103 | Lair:7   | Received a gift from Trog
 21473 | Lair:8   | Entered Level 8 of the Lair of Beasts
 21778 | Lair:8   | Received a gift from Trog
 22005 | Lair:8   | Reached skill level 10 in Dodging
 22235 | Lair:8   | Found a burning altar of Makhleb.
 22292 | Lair:8   | Found a gateway to Hell.
 22684 | Lair:1   | Banished Gastronok
 22815 | Swamp:1  | Entered Level 1 of the Swamp
 23038 | Swamp:3  | Noticed a thorn hunter
 23098 | Swamp:2  | Reached skill level 5 in Throwing
 23128 | Swamp:2  | Reached XP level 16. HP: 55/99 MP: 29/29
 23161 | Swamp:2  | Got an encrusted broad axe
 23162 | Swamp:2  | Identified the +2 broad axe "Lifebane" {chop, -Cast rElec rF+ MR++} (You found it on level 2 of the Swamp)
 23265 | Swamp:2  | Received a gift from Trog
 23300 | Swamp:2  | Reached skill level 10 in Evocations
 23381 | Swamp:1  | Got a wavering silver amulet
 23386 | Swamp:1  | Identified the amulet "Cipaduen" {Spirit Dex+3 Int+3} (You found it on level 1 of the Swamp)
 23600 | Swamp:4  | Found a frozen archway.
 23665 | IceCv    | Entered an ice cave
 23732 | IceCv    | Received a gift from Trog
 23792 | IceCv    | Identified a scroll of acquirement
 23985 | Swamp:5  | Entered Level 5 of the Swamp
 24185 | Swamp:5  | Received a gift from Trog
 24898 | Spider:1 | Entered Level 1 of the Spider Nest
 24907 | Spider:1 | Reached skill level 15 in Axes
 25043 | Spider:1 | Received a gift from Trog
 25178 | Spider:2 | Noticed Agnes
 25182 | Spider:1 | Banished Agnes
 25386 | Spider:2 | Got a shimmering tin amulet
 25387 | Spider:2 | Identified the amulet "Pangaytenn" {rCorr Str+2 Dex+3} (You found it on level 2 of the Spider Nest)
 25548 | Spider:2 | Noticed magipi's ghost (mighty VSBe)
 25577 | Spider:2 | Killed magipi's ghost
 25866 | Spider:2 | Noticed Nikola
 25968 | Spider:2 | Noticed Wiglaf
 25993 | Spider:2 | Reached XP level 17. HP: 59/103 MP: 20/31
 26194 | Spider:2 | Killed Nikola
 26254 | Spider:2 | Received a gift from Trog
 26712 | Spider:2 | Killed Wiglaf
 28007 | Spider:3 | Received a gift from Trog
 28146 | Spider:3 | Received a gift from Trog
 28464 | Spider:4 | Noticed Arachne
 28524 | Spider:4 | Banished Arachne
 28524 | Spider:4 | Reached skill level 10 in Throwing
 28855 | Spider:4 | Reached skill level 16 in Axes
 28863 | Spider:4 | Received a gift from Trog
 28866 | Spider:4 | Got a faintly glowing executioner's axe {god gift}
 28867 | Spider:4 | Identified the +5 executioner's axe of Ykoesa {freeze, Str+3} (Trog gifted it to you on level 4 of the Spider Nest)
 29269 | Spider:5 | Entered Level 5 of the Spider Nest
 29617 | Spider:5 | Received a gift from Trog
 29740 | Spider:5 | Received a gift from Trog
 29779 | Spider:5 | Reached XP level 18. HP: 110/110 MP: 28/32
 29878 | Spider:5 | Received a gift from Trog
 30082 | Spider:5 | Received a gift from Trog
 30209 | Spider:5 | Received a gift from Trog
 30228 | Spider:5 | Got a gossamer rune of Zot
 30725 | Swamp:4  | Received a gift from Trog
 31210 | Swamp:5  | Reached skill level 17 in Axes
 31337 | Swamp:5  | Noticed the 27-headed Lernaean hydra
 31346 | Swamp:5  | Killed the 27-headed Lernaean hydra
 31407 | Swamp:5  | Got a decaying rune of Zot
 31880 | Vaults:1 | Entered Level 1 of the Vaults
 31944 | Vaults:1 | Received a gift from Trog
 32338 | Vaults:1 | Received a gift from Trog
 32401 | Vaults:1 | Reached XP level 19. HP: 116/116 MP: 34/34
 32663 | Vaults:1 | Reached skill level 15 in Evocations
 32869 | Vaults:1 | Received a gift from Trog
 33067 | Vaults:1 | Found Ydghuin's Armour Shop.
 33409 | Vaults:2 | Got a slimy scale mail
 33410 | Vaults:2 | Identified the cursed +3 scale mail of Forking Paths {+Fly rPois rC+} (You found it on level 2 of the Vaults)
 33690 | Vaults:2 | Reached skill level 18 in Axes
 33823 | Vaults:2 | Received a gift from Trog
 33922 | Vaults:2 | Found a staircase to the Crypt.
 33922 | Vaults:2 | Found a basalt altar of Yredelemnul.
 33923 | Vaults:2 | Found an ancient bone altar of Kikubaaqudgha.
 34674 | Vaults:3 | Noticed Asterion
 34775 | Vaults:3 | Killed Asterion
 35040 | Vaults:3 | Received a gift from Trog
 35255 | Vaults:3 | Reached XP level 20. HP: 122/122 MP: 29/36
 35293 | Vaults:3 | Received a gift from Trog
 35405 | Vaults:3 | Received a gift from Trog
 35647 | Vaults:3 | Reached skill level 19 in Axes
 36078 | Vaults:3 | Received a gift from Trog
 36478 | Vaults:4 | Received a gift from Trog
 36587 | Vaults:4 | Received a gift from Trog
 36767 | Vaults:4 | Found a portal to a secret trove of treasure.
 37133 | Vaults:4 | Found Qappoe Fanu's Book Shop.
 37391 | Depths:1 | Entered Level 1 of the Depths
 37414 | Depths:1 | Reached XP level 21. HP: 127/127 MP: 36/36
 37415 | Depths:1 | Found an iron altar of Okawaru.
 37512 | Depths:1 | Received a gift from Trog
 37659 | Depths:1 | Found a one-way gate leading to the halls of Pandemonium.
 38106 | Depths:1 | Reached skill level 20 in Axes
 38181 | Depths:1 | Found a one-way gate to the infinite horrors of the Abyss.
 38977 | Depths:2 | Received a gift from Trog
 39236 | Depths:2 | Noticed a golden dragon
 39248 | Depths:2 | Killed a golden dragon
 39383 | Depths:3 | Found a gateway to a ziggurat.
 39611 | Depths:3 | Got a glittering amethyst amulet
 39612 | Depths:3 | Identified the amulet of Ucucooc {Faith Stlth+} (You found it on level 3 of the Depths)
 39931 | Depths:3 | Reached skill level 21 in Axes
 39977 | Depths:3 | Received a gift from Trog
 40221 | Depths:3 | Noticed Aizul
 40245 | Depths:3 | Killed Aizul
 40313 | Depths:3 | Reached XP level 22. HP: 103/136 MP: 17/37
 40345 | Depths:3 | Noticed Frederick
 40356 | Depths:3 | Killed Frederick
 40742 | Depths:3 | Paralysed by a great orb of eyes for 3 turns
 41044 | Depths:4 | Found Mieme's Book Emporium.
 41095 | Depths:4 | Paralysed by a sphinx for 3 turns
 41318 | Depths:4 | Found a sparkling altar of Nemelex Xobeh.
 41373 | Depths:4 | Received a gift from Trog
 41460 | Depths:4 | Reached skill level 22 in Axes
 41718 | Depths:4 | Got a pitted helmet
 41719 | Depths:4 | Identified the +2 helmet of Ashenzari's Supremacy {+Fly Dex+1} (You found it on level 4 of the Depths)
 41794 | Depths:5 | Entered Level 5 of the Depths
 41939 | Depths:5 | Found a gate to the Realm of Zot.
 41990 | Depths:5 | Reached skill level 15 in Fighting
 42179 | Depths:5 | Noticed Saint Roka
 42207 | Depths:5 | Killed Saint Roka
 42403 | Depths:5 | Received a gift from Trog
 42660 | Depths:5 | Reached XP level 23. HP: 146/146 MP: 38/38
 42662 | Depths:5 | Received a gift from Trog
 42957 | Depths:5 | Received a gift from Trog
 43097 | Depths:5 | Reached skill level 23 in Axes
 43939 | Vaults:5 | Entered Level 5 of the Vaults
 43987 | Vaults:5 | Received a gift from Trog
 44222 | Vaults:5 | Received a gift from Trog
 44228 | Vaults:5 | Got a brightly glowing tin ring
 44233 | Vaults:5 | Identified the ring of Midsummer {Ice rN+ MR+ Str+4} (You took it off a yaktaur on level 5 of the Vaults)
 44252 | Vaults:5 | Got a silver rune of Zot
 44517 | Vaults:5 | Reached XP level 24. HP: 157/157 MP: 36/38
 44631 | Vaults:5 | Received a gift from Trog
 44656 | Vaults:5 | Got an opal-encrusted ring mail
 44657 | Vaults:5 | Identified the +1 ring mail of Fozeimowo {rElec} (You found it on level 5 of the Vaults)
 44747 | Vaults:5 | Noticed Jorgrun
 44756 | Vaults:5 | Killed Jorgrun
 44938 | Vaults:5 | Got a scintillating lapis lazuli ring
 44939 | Vaults:5 | Identified the ring "Klaxtain" {Fire Str+1 Int-2} (You took it off a frost giant on level 5 of the Vaults)
 45154 | Vaults:5 | Reached skill level 24 in Axes
 45162 | Vaults:5 | Received a gift from Trog
 45325 | Vaults:5 | Got a bloodstained plate armour
 45326 | Vaults:5 | Identified the +1 plate armour of Mitwuzxa {rN+ MR+ Dex+1 Curse} (You found it on level 5 of the Vaults)
 45458 | Vaults:5 | Noticed an ancient lich
 45480 | Vaults:5 | Killed an ancient lich
 46867 | Orc:4    | Bought 3 scrolls of enchant weapon for 607 gold pieces
 46914 | Orc:1    | Bought a scroll of enchant weapon for 112 gold pieces
 46915 | Orc:1    | Bought 3 scrolls of blinking for 337 gold pieces
 46915 | Orc:1    | Bought a scroll of fog for 30 gold pieces
 47206 | Zot:1    | Entered Level 1 of the Realm of Zot
 47268 | Zot:1    | Received a gift from Trog
 47469 | Zot:1    | Reached XP level 25. HP: 168/168 MP: 28/39
 47692 | Zot:2    | Received a gift from Trog
 48016 | Zot:4    | Reached skill level 25 in Axes
 48667 | Zot:4    | Received a gift from Trog
 48811 | Zot:5    | Entered Level 5 of the Realm of Zot
 49169 | Zot:5    | Received a gift from Trog
 49191 | Zot:5    | Reached XP level 26. HP: 175/177 MP: 34/39
 49383 | Zot:5    | Noticed an orb of fire
 49387 | Zot:5    | Gained mutation: You are weak. (Str -2) [an orb of fire]
 49392 | Zot:5    | Gained mutation: You occasionally shout uncontrollably at your foes. [an orb of fire]
 49402 | Zot:5    | Killed an orb of fire
 50164 | Zot:5    | Reached skill level 15 in Dodging
 50409 | Zot:5    | Noticed an ancient lich
 50549 | Zot:5    | Killed an ancient lich
 50604 | Zot:5    | Received a gift from Trog
 51098 | Zot:5    | Noticed an orb of fire
 51099 | Zot:5    | Gained mutation: Your magical capacity is low (-10% MP). [an orb of fire]
 51106 | Zot:5    | Gained mutation: Your natural rate of healing is unusually fast. [an orb of fire]
 51116 | Zot:5    | Killed an orb of fire
 51164 | Zot:5    | Reached XP level 27. HP: 186/186 MP: 12/36
 51244 | Zot:5    | Got the Orb of Zot
 51679 | D:9      | Noticed Khi Lif the pandemonium lord
 51802 | D:5      | Noticed Pnoluvex the pandemonium lord
 51892 | D:$      | Escaped with the Orb!

Action                   |  1- 3 |  4- 6 |  7- 9 | 10-12 | 13-15 | 16-18 | 19-21 | 22-24 | 25-27 || total
-------------------------+-------+-------+-------+-------+-------+-------+-------+-------+-------++-------
Melee: Hand axe          |   102 |       |       |       |       |       |       |       |       ||   102
       Broad axe         |     4 |   112 |   216 |   856 |  1340 |   927 |       |       |       ||  3455
       Battleaxe         |       |       |       |       |       |   757 |  1565 |  1563 |  1105 ||  4990
       Unarmed           |       |       |       |       |       |       |       |     5 |       ||     5
Throw: Tomahawk          |       |       |     5 |       |       |       |       |       |       ||     5
       Javelin           |       |       |       |       |    24 |   140 |     9 |     7 |    21 ||   201
       Throwing net      |       |       |       |       |       |     2 |       |       |       ||     2
Invok: Berserk           |     2 |     1 |     1 |     4 |     6 |     4 |     2 |       |       ||    20
       Brothers in Arms  |       |       |       |     2 |     2 |     2 |     1 |     1 |       ||     8
       Trog's Hand       |       |       |       |       |     3 |     4 |    14 |    15 |     7 ||    43
       Burn Spellbooks   |       |       |       |       |       |     3 |     3 |     2 |     2 ||    10
 Abil: Fly               |       |       |       |       |     1 |     1 |       |       |       ||     2
       Stop Flying       |       |       |       |       |       |       |       |     1 |       ||     1
       Evoke Flight      |       |       |       |       |       |       |       |     1 |       ||     1
Evoke: Wand              |       |     1 |     3 |    24 |    20 |    32 |     7 |     5 |    20 ||   112
       Phial of floods   |       |       |       |       |     1 |     2 |       |       |       ||     3
  Use: Scroll            |       |    11 |       |    15 |    19 |    24 |     6 |    13 |    12 ||   100
       Potion            |       |       |       |       |     2 |     2 |     1 |     7 |    16 ||    28
 Stab: Confused          |       |       |       |       |       |     2 |       |       |       ||     2
       Distracted        |       |       |       |       |       |     1 |     2 |       |       ||     3
       Invisible         |       |       |       |       |       |       |       |     7 |       ||     7
       Petrified         |       |       |       |       |       |       |       |     4 |       ||     4
       Paralysed         |       |       |       |       |       |       |       |     2 |       ||     2
       Petrifying        |       |       |       |       |       |       |       |     1 |       ||     1
  Eat: Chunk             |     3 |     2 |     4 |    16 |    12 |     8 |     6 |     4 |       ||    55
       Pizza             |       |     1 |     2 |     3 |     5 |     3 |     3 |       |       ||    17
       Beef jerky        |       |     1 |     3 |     3 |       |     1 |     1 |     2 |     1 ||    12
       Fruit             |       |       |       |     5 |     9 |    12 |     9 |     1 |     3 ||    39
       Bread ration      |       |       |       |       |     2 |       |       |     2 |     2 ||     6
       Meat ration       |       |       |       |       |     1 |     2 |     2 |     3 |     3 ||    11
       Royal jelly       |       |       |       |       |       |     4 |     1 |       |       ||     5

Action                   |  1- 3 |  4- 6 |  7- 9 | 10-12 | 13-15 | 16-18 | 19-21 | 22-24 | 25-27 || total
-------------------------+-------+-------+-------+-------+-------+-------+-------+-------+-------++-------
Melee: Hand axe          |   102 |       |       |       |       |       |       |       |       ||   102
       Broad axe         |     4 |   112 |   216 |   856 |  1340 |   927 |       |       |       ||  3455
       Battleaxe         |       |       |       |       |       |   757 |  1565 |  1563 |  1105 ||  4990
       Unarmed           |       |       |       |       |       |       |       |     5 |       ||     5
Throw: Tomahawk          |       |       |     5 |       |       |       |       |       |       ||     5
       Javelin           |       |       |       |       |    24 |   140 |     9 |     7 |    21 ||   201
       Throwing net      |       |       |       |       |       |     2 |       |       |       ||     2
Invok: Berserk           |     2 |     1 |     1 |     4 |     6 |     4 |     2 |       |       ||    20
       Brothers in Arms  |       |       |       |     2 |     2 |     2 |     1 |     1 |       ||     8
       Trog's Hand       |       |       |       |       |     3 |     4 |    14 |    15 |     7 ||    43
       Burn Spellbooks   |       |       |       |       |       |     3 |     3 |     2 |     2 ||    10
 Abil: Fly               |       |       |       |       |     1 |     1 |       |       |       ||     2
       Stop Flying       |       |       |       |       |       |       |       |     1 |       ||     1
       Evoke Flight      |       |       |       |       |       |       |       |     1 |       ||     1
Evoke: Wand              |       |     1 |     3 |    24 |    20 |    32 |     7 |     5 |    20 ||   112
       Phial of floods   |       |       |       |       |     1 |     2 |       |       |       ||     3
  Use: Scroll            |       |    11 |       |    15 |    19 |    24 |     6 |    13 |    12 ||   100
       Potion            |       |       |       |       |     2 |     2 |     1 |     7 |    16 ||    28
 Stab: Confused          |       |       |       |       |       |     2 |       |       |       ||     2
       Distracted        |       |       |       |       |       |     1 |     2 |       |       ||     3
       Invisible         |       |       |       |       |       |       |       |     7 |       ||     7
       Petrified         |       |       |       |       |       |       |       |     4 |       ||     4
       Paralysed         |       |       |       |       |       |       |       |     2 |       ||     2
       Petrifying        |       |       |       |       |       |       |       |     1 |       ||     1
  Eat: Chunk             |     3 |     2 |     4 |    16 |    12 |     8 |     6 |     4 |       ||    55
       Pizza             |       |     1 |     2 |     3 |     5 |     3 |     3 |       |       ||    17
       Beef jerky        |       |     1 |     3 |     3 |       |     1 |     1 |     2 |     1 ||    12
       Fruit             |       |       |       |     5 |     9 |    12 |     9 |     1 |     3 ||    39
       Bread ration      |       |       |       |       |     2 |       |       |     2 |     2 ||     6
       Meat ration       |       |       |       |       |     1 |     2 |     2 |     3 |     3 ||    11
       Royal jelly       |       |       |       |       |       |     4 |     1 |       |       ||     5
